AoeStats
← joia-numerica6

Oasis

510169633Analyzed
2v2 RM · 17h ago on Sep 29, 2026· 25m 29s· 4 players
Game mode
Random Map
Map size
Medium (4 player)
Population
200
Speed
Normal
Resources
Standard
Victory
Conquest
Starting age
Dark Age
Ending age
Imperial Age
RankedLock teamsTeams togetherTeam positionsShared explorationLock speedFull tech treeHidden civsTurbo modeCheats
Victory
Defeat
🇸🇰 Ethiopians · Slovakia
1021
+12
🇵🇹 Japanese · Portugal
997
+13
🇬🇧 Gurjaras · United Kingdom
952
-39
🇮🇳 Persians · India
914
-35
joia-numerica6
9:57 Feudal Age
8:14 Loom
14:24 Castle Age
18:51 Fletching
21:24 Bodkin Arrow
25:52 Husbandry
Rado
7:24 Loom
9:54 Feudal Age
10:33 Double-Bit Axe
11:36 Horse Collar
15:45 Wheelbarrow
18:29 Castle Age
18:29 Padded Archer Armor
18:20 Fletching
19:05 Crossbowman
22:21 Town Watch
25:35 Ballistics
25:35 Bodkin Arrow
bill.webb40
8:27 Feudal Age
8:54 Horse Collar
14:26 Double-Bit Axe
21:46 Castle Age
PyroKun
20:31 Feudal Age
20:29 Man-at-Arms
Connection lost

Rejoining the realm…

Still unreachable

The connection could not be restored.

Session expired

The server has moved on; the page needs a fresh start.